 Dungeon Crawl Stone Soup version 0.20.1-1-g8b1a95d (webtiles) character file.

70 theAP the Digger (level 4, -7/24 HPs)
             Began as a Gargoyle Earth Elementalist on Sept 2, 2017.
             Killed by divine providence
             ... invoked by an orc priest
              (14 damage)
             ... on level 3 of the Dungeon.
             The game lasted 00:06:52 (2260 turns).

theAP the Digger (Gargoyle Earth Elementalist)      Turns: 2260, Time: 00:06:53

Health: -7/24      AC: 10    Str: 11    XL:     4   Next: 22%
Magic:  0/8        EV: 12    Int: 20    God:
Gold:   83         SH:  0    Dex: 10    Spells: 5/9 levels left

rFire    . . .     SeeInvis .   (no weapon)
rCold    . . .     Gourm    .   (no shield)
rNeg     + . .     Faith    .   q - +0 robe (curse)
rPois    ∞         Spirit   .   (no helmet)
rElec    +         Reflect  .   (no cloak)
rCorr    .         Harm     .   h - +2 pair of gloves
MR       .....                  (no boots)
Stlth    ++........             o - amulet of regeneration
Regen    0.5/turn               f - +2 ring of protection
MPRegen  0.2/turn               r - +3 ring of intelligence

@: no status effects
A: negative energy resistance 1, electricity resistance, unbreathing,
petrification resistance, rot immunity, AC +3
a: no special abilities


You were on level 3 of the Dungeon.
You were not hungry.

You visited 1 branch of the dungeon, and saw 3 of its levels.

You collected 83 gold pieces.

Inventory:

Missiles
 b - 34 stones (quivered)
Armour
 c - a +0 robe
 h - a +2 pair of gloves (worn)
 q - a cursed +0 robe (worn)
Jewellery
 f - a +2 ring of protection (left hand)
 o - an amulet of regeneration (around neck)
 r - a +3 ring of intelligence (right hand)
Scrolls
 a - 3 scrolls of enchant armour {unknown}
 g - 5 scrolls of identify
 i - a scroll of remove curse
 m - a scroll of recharging
Potions
 j - 4 potions of haste
 p - a potion of experience {unknown}
 s - a potion of agility {unknown}
Books
 e - a book of Geomancy

   Spells                             Type                      Level
   a - Sandblast                      Earth                        1
   b - Passwall                       Transmutation/Earth          2
   c - Stone Arrow                    Conjuration/Earth            3
   d - Petrify                        Transmutation/Earth          4
   e - Lee's Rapid Deconstruction     Earth                        5
Comestibles
 d - 3 bread rations
 l - a royal jelly


   Skills:
 - Level 1.5 Dodging
 - Level 2.1 Stealth
 + Level 3.1 Spellcasting
   Level 0.7 Transmutations
 + Level 5.0 Earth Magic


You had 5 spell levels left.
You knew the following spells:

 Your Spells              Type           Power        Failure   Level  Hunger
a - Sandblast             Erth           ###...       1%          1    None
b - Stone Arrow           Conj/Erth      ##....       16%         3    ###....


Dungeon Overview and Level Annotations

Branches:
Dungeon (3/15)

Altars:

Annotations:
D:3 Sigmund


Innate Abilities, Weirdness & Mutations

You are resistant to torment.
Your stone body is resilient. (AC +3)
You are immune to poison.
You resist negative energy. (rN+)
You are resistant to electric shocks. (rElec)
You can survive without breathing.
You are immune to petrification.
You are immune to rotting.


Message History

Confirm with . or Enter, or press ? or * to list all spells.
Aiming: Sandblast
Press: ? - help, Shift-Dir - straight line, f/p - orc priest
Aim: an orc priest (lightly wounded)
The blast of sand hits the orc priest.
The orc priest is severely wounded.
b - 34 stones The orc priest completely misses you.
You hit the orc priest.
The orc priest is severely wounded.
The orc priest hits you but does no damage.
You hit the orc priest but do no damage.
The orc priest is severely wounded.
The orc priest closely misses you.
You barely miss the orc priest.
The orc priest is severely wounded.
The orc priest calls down the wrath of Beogh upon you.
Beogh smites you!
Ouch! That really hurt!
You die...

#...†# ≈.≈P
###..... ≈≈.
########.. .
####.### ..
##......# ...
##.....#.##....
.##......!)...#
..........#...#
###......@o.#
##.....###.....
#....$.<# ....
#..............
#....^.........
##.....#......!
##...##.......
##### .......
#......


You could see an orc priest.

Vanquished Creatures
  An adder (D:2)
  2 worms (D:3)
  A leopard gecko (D:3)
  7 orcs (D:3)
  A ball python (D:3)
  4 bats
  2 giant cockroaches
  4 hobgoblins
  4 jackals (D:2)
  A quokka (D:3)
  6 frilled lizards
  5 goblins
  4 kobolds
  2 rats (D:2)
44 creatures vanquished.

Notes
Turn   | Place    | Note
-------+----------+-------------------------------------------
     0 | D:1      | theAP the Gargoyle Earth Elementalist began the quest for the Orb.
     0 | D:1      | Reached XP level 1. HP: 10/10 MP: 3/3
   439 | D:1      | Reached skill level 4 in Earth Magic
   439 | D:1      | Reached XP level 2. HP: 15/15 MP: 0/5
  1062 | D:2      | Reached XP level 3. HP: 19/19 MP: 1/6
  1111 | D:2      | Learned a level 3 spell: Stone Arrow
  1931 | D:3      | Noticed Sigmund
  2136 | D:3      | Reached XP level 4. HP: 24/24 MP: 6/8
  2233 | D:3      | Reached skill level 5 in Earth Magic
  2260 | D:3      | Killed from afar by an orc priest

Skill      XL: |  1  2  3  4 |
---------------+-------------+-----
Earth Magic    | 4 5 |  5.0
Spellcasting   | 3 |  3.1
Dodging        | |  1.5
Stealth        | |  2.1
Transmutations | |  0.7

Action                   |  1- 3 |  4- 6 || total
-------------------------+-------+-------++-------
Melee: Unarmed           |    50 |    22 ||    72
 Cast: Sandblast         |    55 |    13 ||    68
       Stone Arrow       |     1 |       ||     1
  Use: Scroll            |     5 |       ||     5
  Eat: Chunk             |     4 |       ||     4
       Fruit             |       |     1 ||     1
Armor: Robe              |    22 |     7 ||    29
Dodge: Dodged            |    24 |    20 ||    44
